 Dungeon Crawl Stone Soup version 0.21-a0-552-g593960d (webtiles) character file.

985 M4edhros the Covert (level 8, -8/50 HPs)
             Began as an Octopode Artificer on Dec 17, 2017.
             Was a Believer of Fedhas.
             Mangled by Prince Ribbit (17 damage)
             ... on level 5 of the Dungeon.
             The game lasted 00:10:12 (10635 turns).

M4edhros the Covert (Octopode Artificer)           Turns: 10635, Time: 00:10:13

Health: -8/50      AC:  4    Str: 13    XL:     8   Next: 18%
Magic:  11/11      EV: 14    Int: 13    God:    Fedhas [**....]
Gold:   283        SH:  0    Dex: 15    Spells: 7/7 levels left

rFire    + . .     SeeInvis .   a - +0 short sword
rCold    . . .     Gourm    .   (no shield)
rNeg     . . .     Faith    .   (helmet restricted)
rPois    +         Spirit   .   (no amulet)
rElec    .         Reflect  .   d - ring of fire
rCorr    .         Harm     .   q - ring of protection from magic
MR       +....                  (no ring)
Stlth    ++++++....             (no ring)
HPRegen  0.16/turn              (no ring)
MPRegen  0.12/turn              (no ring)
                                (no ring)
                                (no ring)

@: no status effects
A: almost no armour, stealthy swim, amphibious, 8 rings, constrict 8, tentacle
spike 2, rugged brown scales 1, thin metallic scales 1, camouflage 1, cold
resistance 1, poison resistance, strong 1, gelatinous body 1
a: Fungal Bloom, Evolution, Sunlight, Renounce Religion


You were on level 5 of the Dungeon.
You worshipped Fedhas.
Fedhas was pleased with you.
You were not hungry.

You visited 2 branches of the dungeon, and saw 6 of its levels.

You collected 283 gold pieces.

Inventory:

Hand Weapons
 a - a +0 short sword (weapon)
 r - a +0 hunting sling
Missiles
 f - 158 stones
 k - 6 javelins (quivered)
 u - 62 sling bullets
Jewellery
 d - a ring of fire (left tentacle)
 q - a ring of protection from magic (right tentacle)
Wands
 c - a wand of enslavement (31)
Scrolls
 b - 3 scrolls of amnesia {unknown}
 e - a scroll of noise {unknown}
 h - 6 scrolls of identify {unknown}
 i - 2 scrolls of fear {unknown}
 l - 2 scrolls of fog {unknown}
 n - 4 scrolls of remove curse {unknown}
 p - 3 scrolls of teleportation {unknown}
 v - a scroll of magic mapping {unknown}
 w - a scroll of blinking {unknown}
Potions
 g - 2 potions of heal wounds {unknown}
 j - 4 potions of curing
 s - a potion of might {unknown}
 t - 2 potions of haste {unknown}
Comestibles
 m - 6 fruits
 o - 3 meat rations


   Skills:
 + Level 1.7 Fighting
 - Level 1.0 Short Blades
 + Level 2.5 Dodging
 - Level 11.4 Stealth
 * Level 2.3 Invocations
 * Level 4.2 Evocations


You had 7 spell levels left.
You didn't know any spells.

Dungeon Overview and Level Annotations

Branches:
Dungeon (5/15)             Temple (1/1) D:5

Altars:
Ashenzari
Cheibriados
Dithmenos
Fedhas
Kikubaaqudgha
Makhleb
Nemelex Xobeh
Okawaru
Ru
Sif Muna
Trog
Uskayaw
Vehumet
Wu Jian
Xom
Yredelemnul
Zin

Annotations:
D:5 Prince Ribbit


Innate Abilities, Weirdness & Mutations

You cannot wear most types of armour.
You are very stealthy in the water. (Stealth+)
You are amphibious.
You can wear up to eight rings at the same time.
You can use your tentacles to constrict eight enemies at once.
Your skin changes colour to match your surroundings (Stealth+).
Your rubbery body absorbs attacks. (AC +1, EV +1)
One of your tentacles bears a nasty spike.
You are partially covered in rugged brown scales. (AC +1, +3% HP)
You are partially covered in thin metallic scales. (AC +2)
Your flesh is cold resistant. (rC+)
Your system is resistant to poisons. (rPois)
Your muscles are strong. (Str +2)


Message History

Prince Ribbit blinks!
You see here a flail.
Evoke which item? (* to show all) (? for menu, Esc to quit)
Aiming: Enslavement
Press: ? - help, Shift-Dir - straight line, f - gnoll
Aim: a gnoll, wielding a spear (lightly wounded, chance to defeat MR: 67%)
The gnoll is charmed.
What are your orders? t - Shout!
Orders for allies: a - Attack new target. r - Retreat! s - Stop attacking. g - Guard the area. f - Follow me.
Anything else - Cancel.
Gang up on whom?
Press: ? - help, Dir - move target cursor, f - Prince Ribbit
Aim: Prince Ribbit (moderately wounded) Attack!
Prince Ribbit blinks!
Your gnoll barely misses Prince Ribbit.
Prince Ribbit hits you!
You die...
Fedhas appreciates your contribution to the ecosystem.

##......# a #......#
#......# #####......#
...........#
#+#####....# +....#
#g...# ##@)..#
##########Ff...#
###..##....#.....#
#.....#....#.f...#
#.....#....#.....#
#.....#....#.....#
#.....'.f..#ยง....#
#######..#...[...#
#####..###..#########


You could see Prince Ribbit, 2 friendly wandering mushrooms and a friendly
gnoll.

Vanquished Creatures
  The ghost of Daviar the Cudgeler, a novice BaFi of Okawaru (D:5)
  A phantom (D:4)
  An ogre (D:4)
  A scorpion (D:4)
  A howler monkey (D:5)
  A hound (D:5)
  An orc priest (D:3)
  A jelly (D:2)
  2 orc wizards
  A worker ant (D:4)
  Natasha (twice) (D:2)
  5 adders
  A shadow imp (D:2)
  8 oozes (D:2)
  An adder skeleton (D:5)
  5 worms
  3 dart slugs
  15 orcs
  A ball python (D:2)
  4 giant cockroaches
  3 goblins
  6 hobgoblins
  4 jackals (D:1)
  11 kobolds
  3 quokkas
  5 bats
  2 frilled lizards (D:3)
  A jackal skeleton (D:5)
  6 rats
97 creatures vanquished.

Vanquished Creatures (collateral kills)
  An ogre (D:5)
  3 gnolls (D:5)
4 creatures vanquished.

Vanquished Creatures (others)
  A goblin (D:3)
  90 toadstools
91 creatures vanquished.

Grand Total: 192 creatures vanquished

Notes
Turn   | Place    | Note
-------+----------+-------------------------------------------
     0 | D:1      | M4edhros the Octopode Artificer began the quest for the Orb.
     0 | D:1      | Reached XP level 1. HP: 13/13 MP: 3/3
    91 | D:1      | Reached skill level 2 in Stealth
   167 | D:2      | Found a hide-covered altar of Uskayaw.
   192 | D:3      | Reached XP level 2. HP: 18/18 MP: 4/4
   194 | D:3      | Reached skill level 3 in Stealth
   229 | D:3      | Reached skill level 5 in Stealth
   229 | D:3      | Reached XP level 3. HP: 7/23 MP: 5/5
   502 | D:4      | Reached XP level 4. HP: 19/28 MP: 6/6
   530 | D:4      | Noticed a phantom
   569 | D:4      | Killed a phantom
   569 | D:4      | Reached skill level 7 in Stealth
   569 | D:4      | Reached XP level 5. HP: 30/33 MP: 7/7
   775 | D:4      | Reached skill level 8 in Stealth
  1071 | D:4      | Reached XP level 6. HP: 38/38 MP: 8/8
  1171 | D:5      | Entered Level 5 of the Dungeon
  1192 | D:5      | Found a staircase to the Ecumenical Temple.
  1209 | Temple   | Entered the Ecumenical Temple
  1241 | Temple   | Became a worshipper of Xom of Chaos
  2844 | Temple   | XOM: harmless Chrm miscast
  3468 | Temple   | XOM is BORED!
  3468 | Temple   | XOM: noise
  3489 | Temple   | XOM: god gift: wand of enslavement (19)
  3946 | Temple   | XOM: noise
  4352 | Temple   | XOM is BORED!
  4352 | Temple   | XOM: medium Fire miscast
  4443 | Temple   | XOM: god gift: 28 stones
  4529 | Temple   | XOM: noise
  4540 | Temple   | XOM: harmless Fire miscast
  4718 | Temple   | XOM: god gift: 20 gold pieces
  5138 | Temple   | XOM: mild Summ miscast
  5223 | Temple   | XOM: cloud trail
  6504 | Temple   | XOM: give mutations
  6504 | Temple   | Gained mutation: You are partially covered in thin metallic scales. (AC +2) [Xom's grace]
  6504 | Temple   | Gained mutation: You are partially covered in rugged brown scales. (AC +1, +3% HP) [Xom's grace]
  6504 | Temple   | Gained mutation: Your muscles are strong. (Str +2) [Xom's grace]
  6504 | Temple   | Gained mutation: One of your tentacles bears a spike. [Xom's grace]
  6684 | Temple   | XOM is BORED!
  7582 | D:5      | Noticed Daviar's ghost (novice BaFi)
  7595 | D:5      | XOM: summons friendly shadow imp
  7596 | D:5      | XOM: summons 2 friendly demons
  7634 | D:5      | XOM: cast spell 'Cause Fear'
  7645 | D:5      | XOM: destruction
  7648 | D:5      | XOM: divination: detect creatures
  7650 | D:5      | XOM: divination: detect creatures
  7654 | D:5      | XOM: confuse monster(s)
  7705 | D:5      | XOM: potion effect (brilliance)
  7768 | D:5      | XOM: polymorph leopard gecko -> goblin
  7796 | D:5      | XOM: confuse monster(s)
  7800 | D:5      | Killed Daviar's ghost
  7800 | D:5      | Reached skill level 10 in Stealth
  7800 | D:5      | Reached XP level 7. HP: 32/44 MP: 9/9
  8126 | Temple   | Fell from the grace of Xom
  8126 | Temple   | Became a worshipper of Fedhas Madash
  8865 | D:2      | Reached * piety under Fedhas
  8929 | D:2      | Noticed Natasha
  8940 | D:2      | Killed Natasha
  9265 | D:2      | Noticed Natasha
  9274 | D:2      | Killed Natasha
  9274 | D:2      | Reached skill level 11 in Stealth
  9721 | D:3      | Found a faded altar of an unknown god.
  9764 | D:3      | XOM: give mutations
  9764 | D:3      | Gained mutation: Your flesh is cold resistant. (rC+) [Xom's grace]
  9764 | D:3      | Gained mutation: Your system is resistant to poisons. (rPois) [Xom's grace]
  9764 | D:3      | Gained mutation: One of your tentacles bears a nasty spike. [Xom's grace]
  9944 | D:4      | Reached ** piety under Fedhas
 10034 | D:4      | Reached skill level 1 in Invocations
 10066 | D:4      | Reached XP level 8. HP: 49/49 MP: 10/10
 10435 | D:4      | XOM: mild Chrm miscast
 10613 | D:5      | Found a sparkling altar of Nemelex Xobeh.
 10616 | D:5      | Noticed Prince Ribbit
 10635 | D:5      | Mangled by Prince Ribbit

Vault maps used:
D:1:      lightli_arrival_boilingwater, minmay_misc_feat_tiny
D:2:      cheibrodos_fertilizer, lemuel_round_altar, uniq_natasha
D:3:      chequers_ecumenical_altar_grove
D:4:      serial_co_window_serial, co_window_corner_a,
          co_window_of_opportunity_a, co_window_paths_a, co_window_cross_1,
          co_window_paths_a, co_window_of_opportunity_c,
          co_window_unsneaky_path_e, co_window_2corner,
          co_window_unsneaky_path_b, co_window_broadway_c, co_window_2corner,
          co_window_2corner, glass_columns_a, minmay_crystal_room
D:5:      nicolae_overflow_hidden_temple, minmay_temple_entry_glass,
          first_bread, uniq_prince_ribbit1
Temple:   nicolae_temple_x_marks_the_god

Skill      XL: |  1  2  3  4  5  6  7  8 |
---------------+-------------------------+-----
Stealth        | 2 5 7 8 10 11 | 11.4
Invocations    | 1 2 |  2.3
Evocations     | 4 |  4.2
Fighting       | |  1.7
Short Blades   | |  1.0
Dodging        | |  2.5

Action                   |  1- 3 |  4- 6 |  7- 9 || total
-------------------------+-------+-------+-------++-------
Melee: Short sword       |    26 |    13 |   123 ||   162
       Constrict         |    11 |     2 |    29 ||    42
       Tentacles         |     2 |     1 |    25 ||    28
       Kick              |       |     2 |    31 ||    33
Throw: Javelin           |       |    12 |       ||    12
Invok: Fungal Bloom      |       |       |    32 ||    32
       Evolution         |       |       |     2 ||     2
Evoke: Wand              |     6 |    25 |     2 ||    33
  Use: Potion            |       |     2 |       ||     2
 Stab: Sleeping          |     3 |     4 |    28 ||    35
       Distracted        |       |       |     1 ||     1
  Eat: Bread ration      |       |     2 |     1 ||     3
       Meat ration       |       |     2 |       ||     2
       Chunk             |       |     1 |     5 ||     6
Armor: Skin              |    10 |     1 |    19 ||    30
Dodge: Dodged            |    34 |     6 |    64 ||   104

Table legend:
 A = Spawn XP
 B = Non-spawn XP
 C = Spawn XP percentage of total XP
 D = Spawn monster count
 E = Non-spawn monster count
 F = Spawn count percentage of total count
 G = Total turns spent on level
                    A         B        C        D         E        F      G
               +---------+---------+-------+---------+---------+-------+---------
         Total |       0 |    1408 |   0.0 |       0 |     101 |   0.0 | 10635
               +---------+---------+-------+---------+---------+-------+---------
           D:1 |       0 |      26 |   0.0 |       0 |      14 |   0.0 |   687
           D:2 |       0 |     239 |   0.0 |       0 |      37 |   0.0 |   798
           D:3 |       0 |     148 |   0.0 |       0 |      20 |   0.0 |   617
           D:4 |       0 |     454 |   0.0 |       0 |      20 |   0.0 |  1455
           D:5 |       0 |     541 |   0.0 |       0 |      10 |   0.0 |   436
               +---------+---------+-------+---------+---------+-------+---------
